 Dungeon Crawl Stone Soup version 0.17-a0-977-g4154171 (webtiles) character file.

1 RobertPalmer the Insei (level 1, 0/13 HPs)
             Began as an Octopode Transmuter on May 10, 2015.
             Slain by a ball python (1 damage)
             ... on level 1 of the Dungeon.
             The game lasted 00:00:20 (153 turns).

RobertPalmer the Insei (Octopode Transmuter)         Turns: 153, Time: 00:00:21

Health: 0/13       AC:  1    Str:  9    XL:     1   Next: 20%
Magic:  3/3        EV:  9    Int: 15    God:
Gold:   15         SH:  0    Dex: 12    Spells: 1 memorised, 3 levels left

rFire  . . .     SeeInvis .       - Unarmed
rCold  . . .     Clarity  .     (no shield)
rNeg   . . .     SustAb   .     (helmet restricted)
rPois  .         Gourm    .     (no amulet)
rElec  .         Spirit   .     (no ring)
rCorr  .         Warding  .     (no ring)
rMut   .         Stasis   .     (no ring)
MR     .....                    (no ring)
Stlth  ++........               (no ring)
                                (no ring)
                                (no ring)
                                (no ring)

@: constricted, not resistant to hostile enchantments, unstealthy
A: almost no armour, amphibious, 8 rings, constrict 8, camouflage 1, gelatinous
body 1
a: no special abilities


You were on level 1 of the Dungeon.
You were not hungry.

You visited 1 branch of the dungeon, and saw 1 of its levels.

You collected 15 gold pieces.

Inventory:

Missiles
 a - 12 arrows
Scrolls
 d - a scroll of identify {unknown}
Potions
 e - a potion of curing {unknown}
Books
 b - a book of Changes
Comestibles
 c - a bread ration {@e1}


   Skills:
 - Level 1.0 Fighting
 - Level 2.0 Dodging
 - Level 3.0 Unarmed Combat
 - Level 2.0 Spellcasting
 + Level 2.1 Transmutations


You had 3 spell levels left.
You knew the following spells:

 Your Spells              Type           Power        Failure   Level  Hunger
a - Beastly Appendage     Trmt           #.....       12%         1    #......


Dungeon Overview and Level Annotations

Branches:
Dungeon (1/15)

Altars:


Innate Abilities, Weirdness & Mutations

You cannot wear most types of armour.
You are amphibious.
You can wear up to eight rings at the same time.
You can use your tentacles to constrict eight enemies at once.
Your skin changes colour to match your surroundings (Stealth).
Your rubbery body absorbs attacks (AC +1).


Message History

Welcome, RobertPalmer the Octopode Transmuter.
Will you be the one to retrieve the fabulous Orb of Zot from the depths?
Found a staircase leading out of the dungeon.
You see here a short sword.
d - a scroll labeled TYACHISKEIKH You now have 9 gold pieces.
You see here 19 stones.
You now have 15 gold pieces (gained 6).
e - a smoky yellow potion A bat comes into view.
A bat is nearby!
A bat is nearby!
A bat is nearby!
A gnoll comes into view. It is wielding a halberd.
The gnoll shouts!
You hear a shout!
The bat closely misses you.
A goblin comes into view. It is wielding a club.
You barely miss the bat. You grab the bat. You squeeze the bat.
You constrict the bat.
You kill the bat!
The gnoll hits you with a halberd!
Ouch! That really hurt!
* * * LOW HITPOINT WARNING * * *
A goblin comes into view.
You take 11 damage, and have 2/13 hp.
MASSIVE DAMAGE!!
The gnoll closely misses you.
A giant cockroach comes into view.
Unknown command.
The gnoll closely misses you.
You enter a teleport trap!
The teleport trap disappears.
Your surroundings suddenly seem different.
A ball python comes into view.
A goblin comes into view.
The goblin shouts!
The ball python barely misses you. x2
A hobgoblin comes into view. It is wielding a club.
The ball python closely misses you. The ball python barely misses you.
The ball python bites you.
* * * LOW HITPOINT WARNING * * *
The ball python misses you.
You take 2 damage, and have 1/13 hp.
Unknown command.
The ball python bites you but does no damage.
The ball python grabs you. The ball python constricts you.
You closely miss the ball python. Your grab misses the ball python.
The ball python bites you.
You die...

#.. #... #...
###..##+#####
...........#
#####.........#
g.....$.......#
##...g.....#
#...S@.....#
#..........#
#.##########
#.#
#.############
#.............
##############


You could see a goblin and a ball python.

Vanquished Creatures
  A bat (D:1)
1 creature vanquished.

Notes
Turn   | Place    | Note
--------------------------------------------------------------
     0 | D:1      | RobertPalmer, the Octopode Transmuter, began the quest for the Orb.
     0 | D:1      | Reached XP level 1. HP: 13/13 MP: 3/3
   112 | D:1      | HP: 2/13 [gnoll/halberd (11)]
   151 | D:1      | HP: 1/13 [ball python (2)]
   153 | D:1      | Slain by a ball python

Vault maps used:
D:1:      minmay_arrival_checkered_box, minmay_liquid_box,
          minmay_strange_pillars, hangedman_glass_teeth

Action                   || total
-------------------------++-------
Melee: Unarmed           ||     2

Vault maps used:
D:1:      minmay_arrival_checkered_box, minmay_liquid_box,
          minmay_strange_pillars, hangedman_glass_teeth

Table legend:
 A = Turns spent in this place as a percentage of turns spent in the entire game.
 B = Non-inter-level travel turns spent in this place as a percentage of non-inter-level travel turns spent in the entire game.
 C = Inter-level travel turns spent in this place as a percentage of turns spent in this place.
 D = Turns resting spent in this place as a percentage of non-inter-level travel turns spent in this place.
 E = Turns spent auto-exploring this place as a percentage of non-inter-level travel turns spent in this place.
 F = Non-inter-level travel turns spent in this place divided by the number of levels of this place that you've seen.
                   A       B       C       D       E      F
               +-------+-------+-------+-------+-------+----------------------
         Total | 100.0 | 100.0 |   0.0 |   0.0 |   5.5 |  55.0
       Dungeon | 100.0 | 100.0 |   0.0 |   0.0 |   5.5 |  55.0
               +-------+-------+-------+-------+-------+----------------------

Table legend:
 A = Kills in this place as a percentage of kills in entire the game.
 B = Kills by you in this place as a percentage of kills by you in the entire game.
 C = Kills by friends in this place as a percentage of kills by friends in the entire game.
 D = Other kills in this place as a percentage of other kills in the entire game.
 E = Experience gained in this place as a percentage of experience gained in the entire game.
 F = Experience gained in this place divided by the number of levels of this place that you have seen.
                   A       B       C       D       E      F
               +-------+-------+-------+-------+-------+----------------------
         Total | 100.0 | 100.0 |  -nan |  -nan | 100.0 |   2.0
       Dungeon | 100.0 | 100.0 |  -nan |  -nan | 100.0 |   2.0
               +-------+-------+-------+-------+-------+----------------------
